[Event "Early-Titled-Tuesday-Blitz-May-14-2024"]
[Site "Chess.com"]
[Date "2024.05.14"]
[Round "10"]
[White "abelmat"]
[Black "HouseOfDurin"]
[Result "0-1"]
[WhiteElo "2011"]
[BlackElo "2252"]
[TimeControl "180+1"]
[EndTime "9:58:47 PDT"]
[Termination "HouseOfDurin won on time"]

1. d4 Nf6 2. c4 c5 3. Nf3 cxd4 4. Nxd4 Nc6 5. g3 g6 6. Bg2 Bg7 7. O-O O-O 8. Nc3 Nxd4 9. Qxd4 d6 10. c5 Nd7 11.
Qh4 Nxc5 12. Bg5 f6 13. Be3 Be6 14. Rac1 Rc8 15. b4 g5 16. Qd4 f5 17. Qd2 Nd7 18.
Bxg5 b6 19. Nd5 Bxd5 20. Bxd5+ Kh8 21. Rxc8 Qxc8 22. Bxe7 Re8 23. Bxd6 Ne5 24. Qf4 Ng6 25. Qc4 Qd8 26. Bc7 Qf6 27. Qc6 Qxc6 28. Bxc6 Rc8 29.
Bxb6 axb6 30. Bd7 Rc2 31. Bxf5 Rxa2 32. Rd1 Bc3 33. b5 Rxe2 34. Rd6 Ne5 35. Rxb6 Bd4 36. Rb8+ Kg7 37. Kf1 Rxf2+ 38. Ke1 Rxf5 39. Rb7+ Nf7 40. b6 Rb5 41. Ke2 Rxb6 42. Rd7 Rb2+ 43. Kd3 Bf6 44. h4 Rg2 45. Ke4 Rxg3 46. h5 Rg5 47. h6+ Kg6 48. Kf4 Nxh6 49. Rd6 Rf5+ 50. Kg3 Nf7 51. Kh3 Rh5+ 52.
Kg4 Rg5+ 53. Kh3 h5 54. Ra6 Kf5 55. Ra5+ Be5 56. Ra4 Nd6 0-1

[Event "Early-Titled-Tuesday-Blitz-May-14-2024"]
[Site "Chess.com"]
[Date "2024.05.14"]
[Round "10"]
[White "VirtualCoach"]
[Black "PapaieDudu"]
[Result "0-1"]
[WhiteElo "2209"]
[BlackElo "2380"]
[TimeControl "180+1"]
[EndTime "9:58:51 PDT"]
[Termination "PapaieDudu won on time"]

1. e4 c5 2. Nc3 a6 3. a4 d6 4. Nf3 Nf6 5. g3 Nc6 6. Bg2 g6 7.
O-O Bg7 8. d3 Nd4 9. Be3 Bg4 10.
Bxd4 cxd4 11. Ne2 e5 12. h3 Bd7 13. Nd2 Qc7 14. f4 O-O-O 15. c3 dxc3 16. Rc1 Kb8 17. Rxc3 Qb6+ 18. Kh2 h5 19. Nc4 Qa7 20. Qb3 Be6 21.
Qb4 h4 22. g4 Bxg4 23. hxg4 Nxg4+ 24. Kh3 Nf2+ 25. Kh2 exf4 26. Rb3 f3 27. Rxf2 fxg2 28.
Rxg2 Rd7 29. Nxd6 Be5+ 30. Kh1 Bxd6 31. Qc4 Rc8 32. Qd5 Rc1+ 33. Nxc1 Qe3 34. Ne2 Kc8 35. Rc3+ Kd8 36. d4 Bg3 37. Rxe3 Rxd5 38. exd5 Bd6 39. Rf3 Ke7 40. Nf4 Kf6 41. Nh3+ Kg7 42. Ng5 f6 43. Ne6+ Kf7 44. Rgf2 Be7 45. Nf4 g5 46. Nh3 Kg6 47. Ng1 Bd6 48. Rxf6+ Kh5 49. Rxd6 Kg4 50. Rc6 h3 51.
Rc7 b5 52. d6 bxa4 53. d7 a3 54. d8=Q a2 55. Qd7+ Kh4 0-1

[Event "Early-Titled-Tuesday-Blitz-May-14-2024"]
[Site "Chess.com"]
[Date "2024.05.14"]
[Round "10"]
[White "average_trans"]
[Black "santosalberto1987"]
[Result "1-0"]
[WhiteElo "2390"]
[BlackElo "2592"]
[TimeControl "180+1"]
[EndTime "9:58:53 PDT"]
[Termination "average_trans won on time"]

1. d3 d5 2. Nd2 Nf6 3. e4 e5 4. exd5 Nxd5 5. Be2 Nc6 6. Bf3 Be6 7. Ne2 Be7 8. O-O O-O 9. a3 Qd7 10. b4 Nd4 11. Bb2 Nxf3+ 12. Nxf3 f6 13. c4 Nb6 14. c5 Na4 15. Bc1 Rfd8 16. Be3 Qxd3 17. Qxa4 Qxe2 18. Rad1 a6 19. Rfe1 Qb5 20. Qc2 a5 21. a4 Qc4 22.
Qxc4 Bxc4 23. b5 Bb3 24. Ra1 Rd5 25. Nd2 Bc2 26. Rec1 Bg6 27. b6 cxb6 28. cxb6 Bb4 29. Nc4 Rc8 30. h3 Bd3 31. Nb2 Rxc1+ 32. Rxc1 Ba6 33.
Rc7 Bd2 34. Bxd2 Rxd2 35. Nc4 Bxc4 36. Rxc4 Ra2 37. Rc7 Rxa4 38. Rxb7 Rb4 39. Kf1 h5 40. Ke2 Rb3 41. Ra7 Rxb6 42. Rxa5 Rb3 43. Ra7 Kh7 44. Rc7 h4 45. Rc4 g5 46. Rc8 Kg6 47. Rg8+ Kf5 48.
Rf8 Rb1 49. Ke3 Rg1 50. Kf3 e4+ 51. Ke3 Rxg2 52. Rb8 Rh2 53. Rb5+ Kg6 54. Kxe4 Rxh3 55. f4 g4 56. f5+ Kg5 57. Rb8 Rh1 58. Rg8+ Kh6 59.
Rxg4 h3 60. Rg6+ Kh5 61. Kf3 Rf1+ 62. Kg3 Rxf5 63. Rg8 1-0

[Event "Early-Titled-Tuesday-Blitz-May-14-2024"]
[Site "Chess.com"]
[Date "2024.05.14"]
[Round "10"]
[White "ChessBliss09"]
[Black "sterpfi"]
[Result "1-0"]
[WhiteElo "2249"]
[BlackElo "2296"]
[TimeControl "180+1"]
[EndTime "9:58:54 PDT"]
[Termination "ChessBliss09 won on time"]

1. c4 e6 2. Nc3 d5 3. d4 Nf6 4.
cxd5 exd5 5. Bg5 c6 6. e3 h6 7. Bh4 Be7 8. Qc2 O-O 9. Bd3 Re8 10. Nge2 Nbd7 11. O-O a5 12. f3 b5 13. e4 b4 14. Nd1 dxe4 15. fxe4 c5 16. e5 Nd5 17. Bxe7 Qxe7 18. Be4 Bb7 19. Qc4 N5b6 20. Qd3 Bxe4 21. Qxe4 cxd4 22. Nxd4 Qxe5 23. Qh4 Qe4 24. Qxe4 Rxe4 25.
Nf5 Nc4 26. Nf2 Re5 27. Nd3 Re2 28. Rac1 Nxb2 29. Nf4 Re5 30. Nd6 Nc5 31. Nxf7 Rf5 32. Nd6 Rf6 33. Rxc5 Rxd6 34. Rc2 Nd3 35. Rd2 Rad8 36.
Rfd1 Nxf4 37. Rxd6 Rf8 38. Ra6 Ne2+ 39. Kh1 Nc3 40.
Re1 a4 41. Rb6 Rf2 42. Kg1 Rxa2 43. Rxb4 a3 44. Rc4 Rc2 45. Rc8+ Kh7 46. Ra1 a2 47. h3 Rb2 48. Rxc3 Rb1+ 49. Rc1 Rb2 50. Rd1 Rc2 51. Rf1 Re2 52. Kh1 Rb2 53. Rfe1 Kg6 54. Kh2 Kh7 55. Kg3 Kg6 56. Kf3 Kh7 57. Ke3 Rxg2 58. Kd3 Rg3+ 59. Kc2 Rxh3 60. Rxa2 Rh2+ 61. Kb3 Rh3+ 62. Kb2 Rf3 63. Kb1 g5 64. Rae2 Kg6 65. Re6+ Kf5 66. Rxh6 g4 67. Rh8 Kf4 68. Rf8+ 1-0

[Event "Early-Titled-Tuesday-Blitz-May-14-2024"]
[Site "Chess.com"]
[Date "2024.05.14"]
[Round "10"]
[White "Grischuk"]
[Black "rpragchess"]
[Result "1-0"]
[WhiteElo "3133"]
[BlackElo "3107"]
[TimeControl "180+1"]
[EndTime "9:58:55 PDT"]
[Termination "Grischuk won by resignation"]

1. d4 Nf6 2. Bf4 d5 3. Nf3 c5 4.
e3 Nc6 5. Nbd2 Bg4 6. c3 e6 7. Qb3 Qc8 8. h3 Bh5 9. Be2 Be7 10.
dxc5 Nd7 11. Bd6 Nxc5 12. Bxc5 Bxc5 13. c4 Qd7 14. cxd5 exd5 15. Rd1 O-O 16. Ne4 Bb4+ 17.
Nc3 Rad8 18. O-O Bxc3 19. bxc3 Na5 20. Qb4 Qc7 21. Rd2 Bxf3 22. Bxf3 Nc4 23. Rd4 Nb6 24. Rfd1 Rc8 25. R1d3 Qc5 26. Bxd5 Qxb4 27. cxb4 Rc1+ 28. Rd1 Rc7 29. Bb3 g6 30. a4 Re8 31. a5 Nc8 32. g4 a6 33. Kg2 Na7 34. Rd7 Re7 35. Rxe7 Rxe7 36. Rd8+ Kg7 37. Bd5 Nb5 38. Rb8 Nd6 39. h4 h6 40. e4 g5 41. hxg5 hxg5 42. Kf3 Kf6 43. Ke3 Ke5 44. Rg8 f6 45. Rb8 Rc7 46. Kd3 Kf4 47. Rf8 Ke5 48. Rb8 Kf4 49. Rd8 Nb5 50. Rf8 Rc3+ 51. Kd2 Ke5 52. Bxb7 Rb3 53. Bxa6 Nd6 54. Bd3 Kd4 55. Bc2 Rxb4 56. Rd8 Ke5 57. a6 Nb5 58. Bd3 Rb2+ 59. Kc1 Rb3 60. Rd5+ 1-0

[Event "Early-Titled-Tuesday-Blitz-May-14-2024"]
[Site "Chess.com"]
[Date "2024.05.14"]
[Round "10"]
[White "Iskusnyh"]
[Black "KnightDuta"]
[Result "1-0"]
[WhiteElo "2610"]
[BlackElo "2729"]
[TimeControl "180+1"]
[EndTime "9:58:55 PDT"]
[Termination "Iskusnyh won on time"]

1. d4 c5 2. d5 e5 3. e4 d6 4. Bb5+ Bd7 5. a4 Be7 6. Nf3 a6 7. Be2 Bg4 8. Nfd2 Bxe2 9. Qxe2 Nd7 10. Nc3 Ngf6 11. O-O O-O 12. a5 Ne8 13. Nc4 Bg5 14. Na4 Bxc1 15. Raxc1 Qg5 16. Nab6 Rd8 17. c3 f5 18. b4 cxb4 19. cxb4 fxe4 20. Nxd7 Rxd7 21. Qxe4 Rf4 22. Qe2 Rc7 23. g3 Rd4 24. Ne3 Rxc1 25. Rxc1 Rxb4 26. Rc8 Qg6 27. h4 h5 28. Qf3 Kh7 29.
Qf8 Rb1+ 30. Kh2 Qe4 31. Qf5+ Qxf5 32. Nxf5 Rb2 33. Kg1 Nf6 34. Nxd6 Nxd5 35. Ne4 Nf6 36. Ng5+ Kg6 37. Rc7 Ng4 38. Ne4 Rb4 39. Nd6 Rb1+ 40. Kg2 Rb2 41. Ne4 Kf5 42. Rxb7 Rxb7 43. Nd6+ Ke6 44.
Nxb7 Kd5 45. Nd8 Kc5 46. Ne6+ Kb5 47. Nxg7 Kxa5 48. Nxh5 Kb4 49. f3 Nh6 50. g4 a5 51.
g5 Nf5 52. Ng3 Nxh4+ 53. Kh3 Nxf3 54. g6 Ng5+ 55. Kg4 Ne6 56. Kf5 Ng7+ 57. Kf6 Ne8+ 58. Ke7 Nd6 59. Kxd6 a4 60. g7 a3 61. g8=Q a2 62.
Qb8+ Kc4 63. Qa7 1-0

[Event "Early-Titled-Tuesday-Blitz-May-14-2024"]
[Site "Chess.com"]
[Date "2024.05.14"]
[Round "10"]
[White "laurenzchess"]
[Black "Sanyura"]
[Result "0-1"]
[WhiteElo "2501"]
[BlackElo "2648"]
[TimeControl "180+1"]
[EndTime "9:58:55 PDT"]
[Termination "Sanyura won on time"]

1. e4 c5 2. Nf3 e6 3. g3 Nc6 4. Bg2 d5 5. exd5 exd5 6. d4 Bd6 7.
O-O Nge7 8. dxc5 Bxc5 9. Nbd2 Bg4 10. Nb3 Bb6 11. Re1 O-O 12. Be3 Bc7 13. Nbd4 Nxd4 14. Qxd4 Bf5 15. Bg5 f6 16. Bf4 Nc6 17. Qd2 Bxf4 18.
gxf4 Be4 19. Nd4 Bxg2 20. Kxg2 Qd7 21. Ne6 Rfe8 22. f5 d4 23. c4 Ne5 24. Qxd4 Qxd4 25.
Nxd4 Nxc4 26. Rxe8+ Rxe8 27. Rc1 Nd6 28. Rc7 Re4 29. Ne6 Nxf5 30. Rc8+ Kf7 31. Nd8+ Kg6 32. Rc7 b6 33. Rxa7 Re2 34. b4 Rb2 35. Nc6 Kg5 36. Kf3 Rc2 37. b5 Rb2 38. a4 Rb3+ 39. Ke4 Ra3 40. f4+ Kg4 41. Nd4 Re3+ 42. Kd5 Rd3 43.
a5 Rxd4+ 44. Kc6 bxa5 45. b6 Rb4 46. b7 Ne7+ 47. Kd7 Nd5 48. Kc6 Nxf4 49. Rxa5 Rxb7 50. Kxb7 f5 51. Kc6 g5 52. Ra3 Ne2 53. Kd5 f4 54.
Ke4 Ng1 55. Ra2 f3 56. Ke3 h5 57. Ra4+ Kh3 58. Kf2 Kxh2 59. Ra5 g4 60. Rxh5+ Nh3+ 61. Ke3 f2 62. Ke2 Kg2 63. Rf5 Ng1+ 64. Ke3 Nf3 65. Rf4 g3 66. Rxf3 f1=Q 67. Rxf1 Kxf1 0-1

[Event "Early-Titled-Tuesday-Blitz-May-14-2024"]
[Site "Chess.com"]
[Date "2024.05.14"]
[Round "10"]
[White "CarlosjPineror"]
[Black "ulises2013"]
[Result "0-1"]
[WhiteElo "2747"]
[BlackElo "2918"]
[TimeControl "180+1"]
[EndTime "9:58:56 PDT"]
[Termination "ulises2013 won on time"]

1. e4 g6 2. d4 Bg7 3. Nc3 c5 4. Be3 Qa5 5. Qd2 Nf6 6. f3 cxd4 7. Bxd4 Nc6 8. Be3 d6 9. Bc4 O-O 10.
Nge2 Bd7 11. Bb3 Rfc8 12. O-O Ne5 13. Rad1 Nc4 14. Bxc4 Rxc4 15. b3 Rcc8 16. a4 Be6 17.
Nb5 Qxd2 18. Rxd2 a6 19. Nbd4 Nd7 20. Nxe6 fxe6 21. c4 Rab8 22. Bd4 Bxd4+ 23. Nxd4 e5 24. Nc2 Nc5 25. Rb1 b5 26. cxb5 axb5 27. a5 b4 28. Ne3 Na6 29. Nd5 Rb7 30. Rbb2 Rc5 31. Ra2 Kf7 32. Kf2 Rbb5 33. Ra4 Rc1 34. h4 h5 35. Raa2 Rcc5 36. Ra4 Ke8 37. Kg3 Kf7 38. Kh3 Rc1 39. Raa2 Rc8 40. Kg3 Ra8 41. Ra4 Rc8 42.
Raa2 Rbc5 43. Nb6 R8c7 44. Nd5 Rb7 45. Kh3 Rbb5 46. Ra4 e6 47. Ne3 Ke7 48. Nc4 Rc6 49. Raa2 Nc5 50. a6 Rb8 51. a7 Ra8 52. Kh2 Nxb3 53. Rdb2 Nc1 54. Na5 Rc7 55. Ra1 Nd3 56.
Rb3 Nc5 57. Rxb4 Kd7 58. Nc4 Rcxa7 59. Rxa7+ Rxa7 60. Rb6 Ra6 61. Rb8 Ke7 62. Rg8 Kf6 63. Rd8 Ke7 64. Rg8 Nd3 65. Rxg6 Nf4 66. Rg5 Kf6 67.
Ne3 d5 0-1

[Event "Early-Titled-Tuesday-Blitz-May-14-2024"]
[Site "Chess.com"]
[Date "2024.05.14"]
[Round "10"]
[White "subham777"]
[Black "Casablanca"]
[Result "1/2-1/2"]
[WhiteElo "2543"]
[BlackElo "2700"]
[TimeControl "180+1"]
[EndTime "9:58:57 PDT"]
[Termination "Game drawn - insufficient material"]

1. e4 c5 2. Nf3 g6 3. c3 d5 4. exd5 Qxd5 5. d4 Bg7 6. Na3 Nf6 7. Bc4 Qe4+ 8. Be2 O-O 9. O-O Nc6 10. Re1 cxd4 11. cxd4 Qd5 12. Bc4 Qd8 13. h3 a6 14.
Bf4 Nd5 15. Bg3 h6 16. Ne5 Nxe5 17. dxe5 Be6 18. Bb3 Nc7 19. Qf3 Bxb3 20. Qxb3 Qd5 21. Qb6 Ne6 22. b3 Rfd8 23. Nc4 Rac8 24. Kh2 Qc6 25.
Qxc6 Rxc6 26. Rad1 Rxd1 27. Rxd1 b5 28. Ne3 Rc7 29. Nd5 Rb7 30. Rc1 h5 31. Rc8+ Kh7 32.
Re8 h4 33. Bxh4 Bxe5+ 34. Bg3 Bf6 35. Nxf6+ exf6 36. Ra8 Rb6 37. Ra7 Kg7 38. f3 Rc6 39. h4 Nc5 40. Bf2 Nd3 41. Bd4 Nb4 42. a4 Nc2 43. Bb2 bxa4 44. bxa4 Ne3 45. Kh3 Rc2 46.
Bd4 Nf5 47. Rd7 Rc4 48. Bb2 Rxa4 49. g4 Ne3 50. g5 Rf4 51. Bxf6+ Rxf6 52. gxf6+ Kxf6 53.
Rd6+ Kf5 54. Rxa6 Nd5 55. Ra5 Ke6 56. Kg3 Nf6 57. f4 Nh5+ 58. Kg4 Ng7 59. Ra6+ Ke7 60. Kg5 Ne6+ 61. Kg4 Kf6 62. Rb6 Kg7 63. f5 gxf5+ 64. Kxf5 Nd4+ 65. Kg4 Ne6 66. h5 Nf8 67. Rb7 Nh7 68. Kh4 Nf6 69. Kg5 Nh7+ 70. Kf5 Nf8 71. Rb6 Ne6 72. Rxe6 fxe6+ 73. Kxe6 Kh6 74. Ke5 Kxh5 1/2-1/2

[Event "Early-Titled-Tuesday-Blitz-May-14-2024"]
[Site "Chess.com"]
[Date "2024.05.14"]
[Round "10"]
[White "kingofthenil"]
[Black "viktorskliarov"]
[Result "1-0"]
[WhiteElo "2854"]
[BlackElo "2690"]
[TimeControl "180+1"]
[EndTime "9:59:00 PDT"]
[Termination "kingofthenil won on time"]

1. d4 Nf6 2. Nc3 g6 3. e4 d6 4. h3 Bg7 5. Nf3 O-O 6. Bd3 c5 7.
dxc5 dxc5 8. Be3 Nfd7 9. Qd2 Nc6 10. O-O-O Nd4 11. Bc4 Ne5 12. Nxe5 Bxe5 13. f4 Bg7 14. e5 Be6 15. Bxe6 Nxe6 16. Nd5 b6 17. Kb1 Nc7 18. c4 Nxd5 19. cxd5 Qd7 20. Qc2 Rac8 21. g4 c4 22. Rd4 Qb5 23. Rhd1 Rfd8 24. Qc3 g5 25. a3 a5 26. h4 gxf4 27. Bxf4 Rc5 28. d6 exd6 29. Rxd6 Re8 30. Rd8 Rc8 31. Rxc8 Rxc8 32.
Rd6 Qc5 33. Qd4 Qxd4 34. Rxd4 b5 35. Rd5 b4 36. Rxa5 bxa3 37. Rxa3 h6 38. Ra6 Re8 39. Ra5 Kh7 40. Rc5 f6 41. exf6 Bxf6 42. Rc7+ Kg8 43.
Bxh6 Bxh4 44. Rxc4 Re2 45. b4 Bf6 46. Bc1 Kf7 47. b5 Re5 48. Rb4 Be7 49. Rb3 Bd6 50. g5 Bb8 51. Kc2 Kg6 52. Bd2 Rc5+ 53. Kd3 Rd5+ 54.
Kc3 Rc5+ 55. Kd4 Rf5 56. Be3 Rf1 57. Ke4 Re1 58. b6 Re2 59. Kd5 Re1 60. b7 Rd1+ 61. Ke6 Rd6+ 62. Ke7 Rd5 63. Rb6+ Kg7 64. Bc1 Rc5 65. Bb2+ Kg8 66. Bf6 Rc6 67. Rxc6 1-0

[Event "Early-Titled-Tuesday-Blitz-May-14-2024"]
[Site "Chess.com"]
[Date "2024.05.14"]
[Round "10"]
[White "HanSchut"]
[Black "C_K_G"]
[Result "0-1"]
[WhiteElo "2370"]
[BlackElo "2296"]
[TimeControl "180+1"]
[EndTime "9:59:00 PDT"]
[Termination "C_K_G won by checkmate"]

1. e4 c5 2. Nf3 d6 3. d4 cxd4 4. Nxd4 Nf6 5. f3 a6 6. c4 e5 7. Nc2 Be7 8. Nc3 O-O 9. Be3 Be6 10. Qd2 Nc6 11. Be2 Rc8 12. b3 Nd7 13. O-O f5 14. exf5 Bxf5 15. Nd5 Kh8 16. Nxe7 Qxe7 17. Rad1 Nf6 18.
Nb4 Rfd8 19. Bb6 Rd7 20. Nd5 Nxd5 21. Qxd5 Bg6 22. c5 Nd4 23. cxd6 Rxd6 24. Bc5 Rxd5 25. Bxe7 Nxe2+ 26. Kf2 Rxd1 27. Rxd1 Nd4 28. Bd6 Rc2+ 29. Kf1 Nc6 30. Bxe5 h6 31. Bg3 Rxa2 32. Rd7 Rb2 33.
Rxb7 Bd3+ 34. Kg1 a5 35. Rc7 Nb4 36. Be5 Rxb3 37. Rxg7 Bb1 38. Ra7+ Kg8 39. Rxa5 Bg6 40. Ra7 Rb1+ 41. Kf2 Nd3+ 42. Ke3 Nxe5 43. Kf4 Nf7 44. g4 Rb4+ 45. Kg3 Rb3 46. Kf4 Kg7 47. h4 Kf6 48.
Ra6+ Kg7 49. h5 Bh7 50. Re6 Bg8 51. Rg6+ Kh7 52. Re6 Ng5 53. Re7+ Kh8 54. Kf5 Rxf3+ 55. Kg6 Nf7 56. g5 hxg5 57. h6 Rh3 58. h7 Rxh7 59. Kf5 Rg7 60. Re8 Nd6+ 61. Kg4 Nxe8 62. Kh5 g4 63.
Kh6 g3 64. Kh5 g2 65. Kh4 g1=Q 66. Kh5 Qh2# 0-1

[Event "Early-Titled-Tuesday-Blitz-May-14-2024"]
[Site "Chess.com"]
[Date "2024.05.14"]
[Round "10"]
[White "Rodalquilar"]
[Black "ravengelic"]
[Result "0-1"]
[WhiteElo "2874"]
[BlackElo "2729"]
[TimeControl "180+1"]
[EndTime "9:59:03 PDT"]
[Termination "ravengelic won on time"]

1. d4 Nf6 2. Nf3 g6 3. Bf4 Bg7 4. e3 d6 5. Be2 O-O 6. O-O c5 7. c3 Nc6 8. dxc5 dxc5 9. Nbd2 Nh5 10. Bg5 h6 11. Bh4 g5 12. Ne1 Nf4 13. exf4 gxh4 14.
Nc4 b5 15. Ne3 a6 16. Bf3 Bb7 17. Nd3 Qb6 18. Nd5 Qa7 19. f5 Rad8 20. Re1 Ba8 21. Qe2 Rd6 22. Qe3 Rfd8 23. N5f4 c4 24. Qxa7 Nxa7 25. Bxa8 cxd3 26. Bf3 d2 27. Red1 b4 28. cxb4 Bxb2 29. Rab1 Be5 30. Ne2 Nb5 31. a4 Nc3 32. Nxc3 Bxc3 33. b5 axb5 34. axb5 Ba5 35. Kf1 Kg7 36.
Ke2 Kf6 37. Be4 Bb6 38. g3 hxg3 39. hxg3 Ke5 40. f3 e6 41. fxe6 fxe6 42. Rh1 Ba5 43. Rbd1 Rh8 44. Rh5+ Kf6 45. g4 Kg7 46. Rg1 Rhd8 47.
Rd1 Rc8 48. g5 hxg5 49. Rxg5+ Kf6 50. Rg6+ Kf7 51. Rh6 Rc1 52. Rhh1 Rxd1 53. Rxd1 Kf6 54. f4 Rd4 55. Kf3 Ke7 56. Bc2 Kd6 57. Ke3 Rd5 58. Bd3 Kc5 59. Be2 Kb4 60. Ra1 Bb6+ 61. Kf3 Kc3 62. Rd1 Kc2 63. f5 Rxf5+ 64. Ke4 Rf2 65. Bd3+ Kc3 0-1

[Event "Early-Titled-Tuesday-Blitz-May-14-2024"]
[Site "Chess.com"]
[Date "2024.05.14"]
[Round "10"]
[White "KirAk47"]
[Black "Maria_Elayza"]
[Result "1/2-1/2"]
[WhiteElo "2444"]
[BlackElo "2288"]
[TimeControl "180+1"]
[EndTime "9:59:04 PDT"]
[Termination "Game drawn by repetition"]

1. c4 e6 2. g3 d5 3. Bg2 Nf6 4. Nf3 Be7 5. O-O O-O 6. b3 c5 7. Bb2 Nc6 8. d3 b6 9. Nbd2 Bb7 10. Ne5 Qc7 11. Nxc6 Bxc6 12. cxd5 Bxd5 13. e4 Bb7 14.
Nc4 Nd7 15. d4 cxd4 16. Bxd4 Bf6 17. Rc1 Bxd4 18. Qxd4 Nc5 19. Rfd1 Rad8 20. Qe3 Rxd1+ 21. Rxd1 Rd8 22. Rc1 h6 23. b4 Nd3 24. Rc3 b5 25.
Rxd3 Rxd3 26. Qxd3 bxc4 27. Qc3 Qc6 28. a4 a6 29. f3 f5 30. Bf1 fxe4 31. Qxc4 Qd5 32. fxe4 Qe5 33. Bd3 Kh8 34. b5 axb5 35. axb5 Qa1+ 36.
Kf2 Qb2+ 37. Be2 Qf6+ 38. Bf3 Qb2+ 39. Kg1 Qa1+ 40. Kg2 Qb2+ 41. Qe2 Qd4 42. e5 Bxf3+ 43. Kxf3 Qd5+ 44. Kf2 Qd4+ 45. Kg2 Qd5+ 46. Kh3 Qd4 47. Kg2 Qc5 48. Kf3 Qd5+ 49. Kf2 Qc5+ 50. Kg2 Qd4 51. Kh3 g5 52. Kg2 Kg7 53. Kf1 Qa1+ 54. Kg2 Qd4 55. Kf1 Kg6 56. Kg2 h5 57. Qc2+ Kh6 58. Qe2 h4 59. gxh4 gxh4 60. h3 Qd5+ 61. Kh2 Qd4 62. Kg2 Qf4 63. Qf3 Qxe5 64. b6 Qb2+ 65. Qf2 Qg7+ 66. Kh1 Qa1+ 67. Kh2 Qg7 68.
b7 Qxb7 69. Qxh4+ Kg6 70. Qg4+ Kf6 71. Qf4+ Ke7 72. Qg5+ Kd6 73. Qd8+ Ke5 74. Qh8+ Kd6 75. Qd8+ Ke5 76. Qg5+ Kd6 77. Qf4+ Ke7 78. Qg5+ Kd6 1/2-1/2

[Event "Early-Titled-Tuesday-Blitz-May-14-2024"]
[Site "Chess.com"]
[Date "2024.05.14"]
[Round "10"]
[White "Abund"]
[Black "ImportedItalianMaple"]
[Result "1-0"]
[WhiteElo "2792"]
[BlackElo "2589"]
[TimeControl "180+1"]
[EndTime "9:59:06 PDT"]
[Termination "Abund won on time"]

1. Nf3 g6 2. b3 Bg7 3. d4 c5 4. e3 cxd4 5. exd4 Nf6 6. Bb2 d5 7. Bd3 O-O 8. Nbd2 Nc6 9. a3 Bf5 10. Bxf5 gxf5 11. O-O e6 12. Qe2 Ne4 13. Rfd1 Rc8 14.
c4 dxc4 15. bxc4 Nxd2 16. Rxd2 Na5 17. Rc2 Qb6 18. Rac1 Rfd8 19. d5 exd5 20. Bxg7 Kxg7 21. cxd5 Rxc2 22. Qxc2 Rxd5 23. h3 Qf6 24. Qc7 Nb3 25.
Qxb7 Nxc1 26. Qxd5 Ne2+ 27. Kh2 Nf4 28. Qc4 Ng6 29. Qc5 a6 30. Nd4 Qe5+ 31. Qxe5+ Nxe5 32. Nxf5+ Kf6 33. Nd4 Nc4 34. Nc2 Ke5 35. f3 Kd5 36.
Kg3 Kc5 37. Kf4 Kb5 38. Nb4 Nxa3 39. Nd3 a5 40. Kf5 Kc4 41. Ne5+ Kb3 42. Kf6 Nc4 43. Nd3 Nd6 44. Ke7 Nf5+ 45. Kxf7 Nh4 46. g4 Nxf3 47.
Kg7 Ng1 48. h4 Nf3 49. h5 Nh2 50. g5 Nf3 51. g6 hxg6 52. h6 Ng5 53. Kxg6 Ne6 54.
Kf6 Nf8 55. Kg7 Ne6+ 56. Kf7 Ng5+ 57. Kg6 Ne6 58. Nc5+ Nxc5 59. h7 a4 60. h8=Q a3 61. Qh3+ Kb2 62. Qg2+ Kc3 63. Qc6 Kb4 64. Qb6+ Kc4 65.
Qa5 Kb3 66. Qxc5 a2 67. Qe5 1-0

[Event "Early-Titled-Tuesday-Blitz-May-14-2024"]
[Site "Chess.com"]
[Date "2024.05.14"]
[Round "10"]
[White "Knightmare1014"]
[Black "Guldona_2007"]
[Result "0-1"]
[WhiteElo "2253"]
[BlackElo "2202"]
[TimeControl "180+1"]
[EndTime "9:59:09 PDT"]
[Termination "Guldona_2007 won on time"]

1. e4 c5 2. Nf3 Nc6 3. d4 cxd4 4. Nxd4 Nf6 5. Nc3 d6 6. Be2 e5 7. Nb3 Be6 8. O-O d5 9. exd5 Nxd5 10. Nxd5 Qxd5 11.
c3 Qxd1 12. Rxd1 a6 13. Be3 f5 14. Bb6 Be7 15. Nc5 Bxc5 16. Bxc5 Kf7 17. Rd6 Rhd8 18.
Rad1 Rxd6 19. Rxd6 Rd8 20. Rxd8 Nxd8 21. b3 Nc6 22. h3 g6 23. Kf1 Bd5 24. g3 Kf6 25.
Ke1 Bg2 26. h4 Bd5 27. Kd2 Nd8 28. Be3 Ne6 29. c4 Bc6 30. b4 Ke7 31. Kc3 Kd6 32. c5+ Ke7 33. Bd1 Nc7 34. Bg5+ Ke6 35. Bb3+ Nd5+ 36.
Kd3 Kd7 37. Bc4 Nxb4+ 38. Kc3 Nd5+ 39. Kd3 Bb5 40. Bxb5+ axb5 41. f4 Ke6 42. fxe5 Kxe5 43. Bd8 Nb4+ 44. Kc3 Nxa2+ 45. Kb3 Nc1+ 46. Kc2 Ne2 47. Kd3 Nd4 48. Bc7+ Kd5 49. Bd6 Ne6 50. Kc3 Nxc5 51. Bf8 Na6 52. Kb3 Ke4 53. Bd6 h6 54. Kc3 g5 55. hxg5 hxg5 56. Kd2 f4 57. gxf4 gxf4 58.
Ke2 b4 59. Kd2 f3 60. Bg3 Nc5 61. Bf2 b6 62. Kc2 Nd3 0-1

[Event "Early-Titled-Tuesday-Blitz-May-14-2024"]
[Site "Chess.com"]
[Date "2024.05.14"]
[Round "10"]
[White "MatthewG-p4p"]
[Black "The_Machine04"]
[Result "1-0"]
[WhiteElo "2848"]
[BlackElo "2680"]
[TimeControl "180+1"]
[EndTime "9:59:11 PDT"]
[Termination "MatthewG-p4p won by checkmate"]

1. f4 d5 2. Nf3 Nc6 3. g3 Bg4 4. Bg2 h5 5. h3 Bxf3 6. Bxf3 e5 7. d3 Nf6 8. Nc3 Bb4 9. O-O Bd6 10. e4 dxe4 11. Nxe4 Nxe4 12. Bxe4 exf4 13. Bxf4 Bxf4 14. Rxf4 Qg5 15. Bxc6+ bxc6 16. Qe2+ Kf8 17. Qf2 f6 18. Re1 Re8 19. Rf1 Kf7 20. h4 Qg6 21. Kg2 a6 22. Qa7 Re7 23. Qxa6 Re6 24. Qb7 Rhe8 25. Qxc7+ R8e7 26. Qb6 Re3 27. R4f3 Re2+ 28. R1f2 Qg4 29. Qb3+ Kg6 30. d4 Re1 31. Qd3+ Kh6 32. Qd2+ Kh7 33.
Rf4 Qg6 34. R4f3 Qe4 35. Qd3 Qxd3 36. Rxd3 Rb1 37. b3 Rb2 38. a4 Ra2 39. Rc3 Re6 40. Kf3 Rd6 41. Rd2 Ra1 42. Ke4 Re1+ 43. Kd3 Rg1 44. Kc4 Rf1 45. Kc5 Re6 46. a5 Ra1 47. b4 Kg6 48. Rcd3 Kf5 49. c4 Kg4 50. d5 cxd5 51.
cxd5 Rc1+ 52. Kb5 Re8 53. d6 Rb8+ 54. Ka4 Rb1 55. Rd4+ Kxg3 56. R2d3+ Kf2 57. d7 Rd8 58. a6 f5 59. a7 Ra1+ 60. Ra3 Rxa3+ 61. Kxa3 Ke3 62.
Rd1 Ke2 63. Rd6 f4 64. b5 f3 65. Re6+ Kd2 66. Rd6+ Ke2 67. Re6+ Kd2 68. Re8 Rxd7 69.
a8=Q f2 70. Rf8 Rd3+ 71. Kb4 Ke2 72. Qe4+ Re3 73. Qc2+ Ke1 74. Qxf2+ Kd1 75. Qxe3 g5 76. Rf2 gxh4 77. Qd2# 1-0

[Event "Early-Titled-Tuesday-Blitz-May-14-2024"]
[Site "Chess.com"]
[Date "2024.05.14"]
[Round "10"]
[White "TigrVShlyape"]
[Black "Zhigalko_Sergei"]
[Result "1-0"]
[WhiteElo "2953"]
[BlackElo "2847"]
[TimeControl "180+1"]
[EndTime "9:59:12 PDT"]
[Termination "TigrVShlyape won on time"]

1. d4 Nf6 2. Nf3 e6 3. Bf4 b6 4. e3 Bb7 5. h3 Bd6 6. Nbd2 Bxf4 7. exf4 O-O 8. c3 c5 9. dxc5 bxc5 10. Bd3 Qc7 11. g3 d6 12. O-O Nbd7 13. Re1 a5 14.
Qe2 a4 15. Rad1 Rfd8 16. Kh2 Qc6 17. Ne4 Nxe4 18. Bxe4 Qxe4 19. Qxe4 Bxe4 20. Rxe4 Nf6 21.
Re2 Kf8 22. g4 a3 23. f5 exf5 24. gxf5 axb2 25. Rxb2 Ra3 26. Rb7 Rxa2 27. Ne5 Rxf2+ 28. Kg1 Rxf5 29. Nxf7 Rd7 30. Rxd7 Nxd7 31. Nxd6 Rg5+ 32. Kf2 Nf6 33. Kf3 Rh5 34. Kg2 Rg5+ 35. Kf3 Rh5 36.
Kg2 Ke7 37. Nc8+ Ke6 38. c4 Rg5+ 39. Kf3 Rh5 40. Kg2 Ne4 41. Nb6 Rg5+ 42. Kf3 Nf6 43. Re1+ Kf7 44. Nc8 Rf5+ 45. Kg2 Rg5+ 46. Kf3 h6 47.
Nd6+ Kg6 48. Re6 Rh5 49. Kg2 Rg5+ 50. Kf3 Kh7 51. Re7 Rh5 52. Kg2 Rg5+ 53. Kf3 Kg8 54. Rc7 Rh5 55. Kg2 Re5 56. Kf3 Kh7 57. Kf4 Re1 58.
Nf5 Nh5+ 59. Kg4 Rg1+ 60. Kf3 Rg5 61. Ke4 Ng3+ 62. Nxg3 Rxg3 63. Rxc5 Rxh3 64. Rd5 Rc3 65. c5 Rc1 66. Re5 Kg6 67. Kd5 h5 68. c6 h4 69. Re4 Kg5 70. Rc4 Rxc4 71. Kxc4 h3 72. c7 h2 73. c8=Q h1=Q 74. Qd8+ Kh6 75. Qh8+ Kg6 76.
Qxh1 1-0

[Event "Early-Titled-Tuesday-Blitz-May-14-2024"]
[Site "Chess.com"]
[Date "2024.05.14"]
[Round "10"]
[White "NikitaShnadrygin"]
[Black "Iball95"]
[Result "0-1"]
[WhiteElo "2751"]
[BlackElo "2925"]
[TimeControl "180+1"]
[EndTime "9:59:19 PDT"]
[Termination "Iball95 won on time"]

1. e4 c5 2. Nf3 e6 3. d4 cxd4 4. Nxd4 Nf6 5. Nc3 Nc6 6. Ndb5 Bc5 7. Bf4 O-O 8. Bc7 Qe7 9. Bd6 Bxd6 10. Qxd6 Qd8 11.
Nc7 Rb8 12. Bb5 a6 13. Bxc6 dxc6 14. e5 Qxd6 15. exd6 Nd5 16. Ne4 Rd8 17. O-O-O b5 18. Rhe1 h6 19. b3 b4 20. Kb2 a5 21. Rd4 Rb6 22.
Red1 f5 23. Nc5 Rxd6 24. Nxd5 cxd5 25. Nd3 Rdc6 26. Ne5 Rc5 27. f4 Kf8 28. R1d3 Rb7 29. Re3 Rbc7 30. Rd2 Ke7 31. g3 Kf6 32. Nd3 R5c6 33.
Ne5 Ra6 34. a4 bxa3+ 35. Kxa3 Rb6 36. Nf3 Rb4 37. Nd4 Rb6 38. c3 Ra7 39. Rde2 Bd7 40. Rd2 Rc7 41. Rde2 g6 42. Kb2 Ra7 43. Rd2 Raa6 44.
Ka3 Rb7 45. Nf3 Rc7 46. Nd4 Ra8 47. Rde2 Ra6 48. Rd2 Rc8 49. Rde2 g5 50. Rf2 Rb6 51.
Nf3 Rbc6 52. Ne5 R6c7 53. Kb2 Rb7 54. Rfe2 Re8 55. Rd2 Ba4 56. c4 dxc4 57. Nxc4 Reb8 58. Nxa5 Rb5 59. Nc6 Rxb3+ 60. Rxb3 Rxb3+ 61. Ka2 Rf3 62. Nd4 Re3 63. Kb2 Re4 64. Ne2 Bb5 65. Nc3 Rb4+ 66.
Ka3 Rc4 67. Nxb5 gxf4 68. gxf4 Rxf4 69. Nd4 e5 70. Ne2 Rf2 71. Rd6+ Ke7 72. Rd2 f4 73. Rc2 Rxh2 0-1